TOP OF THE 1ST |
---|
San Francisco Bandits batting - Pitching for So Cal Bruins : RHP Jeffrey King | Pitching: RHP Jeffrey King | | Batting: RHB Javier Ramírez | 0-0: Called Strike 0-1: Called Strike 0-2: Ball 1-2: Fly out, F9 (Flyball, 9D) | Batting: RHB Scott Merritt | 0-0: Ball 1-0: Called Strike 1-1: Ground out 4-3 (Groundball, 34D) | Batting: RHB Owen Carter | 0-0: Ball 1-0: Foul Ball, location: 2F 1-1: Ball 2-1: Foul Ball, location: 2F 2-2: Strikes out swinging | Top of the 1st over - 0 runs, 0 hits, 0 errors, 0 left on base; San Francisco 0 - So Cal 0 | BOTTOM OF THE 1ST |
---|
So Cal Bruins batting - Pitching for San Francisco Bandits : RHP Yodo Nakagawa | Pitching: RHP Yodo Nakagawa | | Batting: LHB Jesús Campos | 0-0: Ball 1-0: Foul Ball, location: 2F 1-1: Foul Ball, location: 2F 1-2: Foul Ball, location: 2F 1-2: Foul Ball, location: 2F 1-2: Ball 2-2: Ball 3-2: Foul Ball, location: 2F 3-2: Foul Ball, location: 2F 3-2: Foul Ball, location: 2F 3-2: Ground out 6-3 (Groundball, 6D) | Batting: RHB Lawrence Schroeder | 0-0: Ball 1-0: Ball 2-0: Ball 3-0: Called Strike 3-1: Base on Balls | Batting: RHB Earl Wiggins | 0-0: Ball 1-0: Ball 2-0: Called Strike 2-1: Ball 3-1: Base on Balls Lawrence Schroeder to second | Batting: LHB Sammy Marshall | 0-0: Called Strike 0-1: Foul Ball, location: 2F 0-2: Ball 1-2: Ball 2-2: Ball 3-2: Base on Balls Lawrence Schroeder to third Earl Wiggins to second | Batting: RHB Rubén Calderón | 0-0: Ball 1-0: Ball 2-0: Ball 3-0: Base on Balls Lawrence Schroeder scores Earl Wiggins to third Sammy Marshall to second | Batting: LHB José Antonio Santiago | 0-0: Ball 1-0: Ball 2-0: Fielders Choice at 2nd, 5-4 (Groundball, 56) Earl Wiggins scores Sammy Marshall to third | Batting: LHB Jeff Carter | 0-0: Called Strike 0-1: Swinging Strike 0-2: Ball 1-2: Ball 2-2: Ball 3-2: Foul Ball, location: 2F 3-2: Foul Ball, location: 2F 3-2: Foul Ball, location: 2F 3-2: Foul Ball, location: 2F 3-2: Foul Ball, location: 2F 3-2: Base on Balls José Antonio Santiago to second | Batting: RHB Eugene Gill | 0-0: Swinging Strike 0-1: SINGLE (Groundball, 6MD) Sammy Marshall scores José Antonio Santiago to third Jeff Carter to second Runner from 3rd tries for Home, SAFE, no throw | Batting: LHB Phil Smith | 0-0: Ball 1-0: Ball 2-0: Foul Ball, location: 2F 2-1: Ground out 3-1 (Groundball, 34) | Bottom of the 1st over - 4 runs, 1 hit, 0 errors, 2 left on base; San Francisco 0 - So Cal 4 | TOP OF THE 2ND |
---|
San Francisco Bandits batting - Pitching for So Cal Bruins : RHP Jeffrey King | Batting: RHB Michael Elliott | 0-0: Ball 1-0: Ball 2-0: Swinging Strike 2-1: Ball 3-1: Foul Ball, location: 2F 3-2: Strikes out looking | Batting: LHB Chris Austin | 0-0: Foul Ball, location: 2F 0-1: Fly out, F6 (Popup, 6) | Batting: LHB Anacleto Morillo | 0-0: Ball 1-0: Foul Ball, location: 2F 1-1: Called Strike 1-2: Ball 2-2: Strikes out swinging, 2-3 out at first. | Top of the 2nd over - 0 runs, 0 hits, 0 errors, 0 left on base; San Francisco 0 - So Cal 4 | BOTTOM OF THE 2ND |
---|
So Cal Bruins batting - Pitching for San Francisco Bandits : RHP Yodo Nakagawa | Batting: LHB Jesús Campos | 0-0: Swinging Strike 0-1: Ball 1-1: Swinging Strike 1-2: Fly out, F8 (Line Drive, 8LD) | Batting: RHB Lawrence Schroeder | 0-0: Ground out 4-3 (Groundball, 4) | Batting: RHB Earl Wiggins | 0-0: Foul Ball, location: 2F 0-1: Ball 1-1: Foul Ball, location: 2F 1-2: Foul Ball, location: 2F 1-2: Ball 2-2: Foul Ball, location: 2F 2-2: Foul Ball, location: 2F 2-2: Foul Ball, location: 2F 2-2: Ball 3-2: Fly out, F4 (Popup, 34S) | Bottom of the 2nd over - 0 runs, 0 hits, 0 errors, 0 left on base; San Francisco 0 - So Cal 4 | TOP OF THE 3RD |
---|
San Francisco Bandits batting - Pitching for So Cal Bruins : RHP Jeffrey King | Batting: LHB Seung-woo Yi | 0-0: Ball 1-0: Ball 2-0: Called Strike 2-1: Swinging Strike 2-2: Foul Ball, location: 2F 2-2: Strikes out swinging | Batting: RHB Jaime Spiridon | 0-0: Fly out, F7 (Flyball, 78M) | Batting: RHB Raúl Bruno | 0-0: Ball 1-0: Called Strike 1-1: SINGLE (Line Drive, 6D) | Batting: RHB Javier Ramírez | 0-0: Ball 1-0: Ball 2-0: Ball 3-0: Called Strike 3-1: TRIPLE (Flyball, 7D) Raúl Bruno scores | Batting: RHB Scott Merritt | 0-0: Ball 1-0: Ground out 4-3 (Groundball, 4) | Top of the 3rd over - 1 run, 2 hits, 0 errors, 1 left on base; San Francisco 1 - So Cal 4 | BOTTOM OF THE 3RD |
---|
So Cal Bruins batting - Pitching for San Francisco Bandits : RHP Yodo Nakagawa | Batting: LHB Sammy Marshall | 0-0: Ball 1-0: Ball 2-0: Swinging Strike 2-1: Foul Ball, location: 2F 2-2: Ball 3-2: Foul Ball, location: 2F 3-2: Foul Ball, location: 2F 3-2: Foul Ball, location: 2F 3-2: Foul Ball, location: 2F 3-2: Ground out 5-3 (Groundball, 5) | Batting: RHB Rubén Calderón | 0-0: Ball 1-0: Foul Ball, location: 2F 1-1: Foul Ball, location: 2F 1-2: SINGLE (Groundball, 4MD) | Batting: LHB José Antonio Santiago | 0-0: Called Strike 0-1: Ball 1-1: Ball 2-1: Called Strike 2-2: Ball 3-2: DOUBLE (Groundball, 5L) Rubén Calderón to third | Batting: LHB Jeff Carter | 0-0: Ball 1-0: Ball 2-0: Ground out 4-3 (Groundball, 4) Rubén Calderón scores José Antonio Santiago to third | Batting: RHB Eugene Gill | 0-0: Foul Ball, location: 2F 0-1: Swinging Strike 0-2: Ball 1-2: Strikes out swinging | Bottom of the 3rd over - 1 run, 2 hits, 0 errors, 1 left on base; San Francisco 1 - So Cal 5 | TOP OF THE 4TH |
---|
San Francisco Bandits batting - Pitching for So Cal Bruins : RHP Jeffrey King | Batting: RHB Owen Carter | 0-0: Ball 1-0: Ball 2-0: Called Strike 2-1: Foul Ball, location: 2F 2-2: Foul Ball, location: 2F 2-2: Foul Ball, location: 2F 2-2: Ball 3-2: Base on Balls | Batting: RHB Michael Elliott | 0-0: Ball 1-0: Fielders Choice at 2nd, 4-6 (Groundball, 4) | Batting: LHB Chris Austin | 0-0: Called Strike 0-1: Ball 1-1: Swinging Strike Pickoff Throw to First - Out! 1-2: Foul Ball, location: 2F 1-2: SINGLE (Groundball, 34D) | Batting: LHB Anacleto Morillo | 0-0: Ball 1-0: Called Strike 1-1: Fly out, F9 (Line Drive, 9D) | Top of the 4th over - 0 runs, 1 hit, 0 errors, 1 left on base; San Francisco 1 - So Cal 5 | BOTTOM OF THE 4TH |
---|
So Cal Bruins batting - Pitching for San Francisco Bandits : RHP Yodo Nakagawa | Batting: LHB Phil Smith | 0-0: Ball 1-0: Called Strike 1-1: Ball 2-1: Foul Ball, location: 2F 2-2: Ball 3-2: Fly out, F3 (Popup, 3) | Batting: LHB Jesús Campos | 0-0: Foul Ball, location: 2F 0-1: Called Strike 0-2: Ball 1-2: Foul Ball, location: 2F 1-2: Ball 2-2: Ball 3-2: Foul Ball, location: 2F 3-2: Foul Ball, location: 2F 3-2: Fly out, F8 (Line Drive, 89D) | Batting: RHB Lawrence Schroeder | 0-0: Ball 1-0: Swinging Strike 1-1: Ball 2-1: Foul Ball, location: 2F 2-2: SOLO HOME RUN (Flyball, 7D), Distance : 397 ft | Batting: RHB Earl Wiggins | 0-0: Ball 1-0: Ball 2-0: Called Strike 2-1: Fly out, F6 (Line Drive, 6) | Bottom of the 4th over - 1 run, 1 hit, 0 errors, 0 left on base; San Francisco 1 - So Cal 6 | TOP OF THE 5TH |
---|
San Francisco Bandits batting - Pitching for So Cal Bruins : RHP Jeffrey King | Pitching: LHP Mitch Bennett | | Batting: LHB Seung-woo Yi | 0-0: Called Strike 0-1: Swinging Strike 0-2: Foul Ball, location: 2F 0-2: Ball 1-2: Foul Ball, location: 2F 1-2: Ball 2-2: Strikes out swinging | Batting: RHB Jaime Spiridon | 0-0: Ball 1-0: Fly out, F9 (Flyball, 89S) | Batting: RHB Raúl Bruno | 0-0: Ball 1-0: TRIPLE (Flyball, 78XD) | Batting: RHB Javier Ramírez | 0-0: Foul Ball, location: 2F 0-1: Ball 1-1: Swinging Strike 1-2: Foul Ball, location: 2F 1-2: Foul Ball, location: 2F 1-2: SINGLE (Line Drive, 34) Raúl Bruno scores | Batting: RHB Scott Merritt | 0-0: Fielders Choice at 2nd, 6-4 (Groundball, 6) | Top of the 5th over - 1 run, 2 hits, 0 errors, 1 left on base; San Francisco 2 - So Cal 6 | BOTTOM OF THE 5TH |
---|
So Cal Bruins batting - Pitching for San Francisco Bandits : RHP Yodo Nakagawa | Pitching: RHP Alfonso Martínez | | Batting: LHB Sammy Marshall | 0-0: Foul Ball, location: 2F 0-1: Ball 1-1: SINGLE (Line Drive, 6D) | Batting: RHB Rubén Calderón | 0-0: Ball 1-0: SINGLE (Flyball, 78M) Sammy Marshall to second | Batting: LHB José Antonio Santiago | 0-0: Grounds into double play, 5-4-3 (Groundball, 56) Sammy Marshall to third | Batting: LHB Jeff Carter | 0-0: Ball 1-0: Ground out U3 (Groundball, 3S) | Bottom of the 5th over - 0 runs, 2 hits, 0 errors, 1 left on base; San Francisco 2 - So Cal 6 | TOP OF THE 6TH |
---|
San Francisco Bandits batting - Pitching for So Cal Bruins : LHP Mitch Bennett | Batting: RHB Owen Carter | 0-0: Ball 1-0: Called Strike 1-1: Foul Ball, location: 2F 1-2: Ground out 6-3 (Groundball, 6) | Batting: RHB Michael Elliott | 0-0: Ball 1-0: Ball 2-0: Ball 3-0: Base on Balls | Batting: LHB Chris Austin | 0-0: Ball 1-0: Foul Ball, location: 2F 1-1: Grounds into double play, 6-4-3 (Groundball, 6) | Top of the 6th over - 0 runs, 0 hits, 0 errors, 0 left on base; San Francisco 2 - So Cal 6 | BOTTOM OF THE 6TH |
---|
So Cal Bruins batting - Pitching for San Francisco Bandits : RHP Alfonso Martínez | Batting: RHB Eugene Gill | 0-0: Ball 1-0: SINGLE (Groundball, 4) (infield hit) | Batting: LHB Phil Smith | 0-0: Foul Ball, location: 2F 0-1: Called Strike 0-2: Ball 1-2: Foul Ball, location: 2F 1-2: SINGLE (Groundball, 4MD) Eugene Gill to second | Pinch Hitting: RHB William Richardson | 0-0: Called Strike 0-1: Foul Ball, location: 2F 0-2: Foul Ball, location: 2F 0-2: Ball 1-2: Ball 2-2: Grounds into double play, 5-4-3 (Groundball, 56) Eugene Gill to third | Pinch Hitting: SHB Júlio Salazar | 0-0: Fly out, F8 (Flyball, 8LS) | Bottom of the 6th over - 0 runs, 2 hits, 0 errors, 1 left on base; San Francisco 2 - So Cal 6 | TOP OF THE 7TH |
---|
San Francisco Bandits batting - Pitching for So Cal Bruins : LHP Mitch Bennett | Now at 3B: Gerardo Escobedo | | Now in CF: Júlio Salazar | | Batting: LHB Anacleto Morillo | 0-0: Ball 1-0: SINGLE (Groundball, 6D) | Batting: LHB Seung-woo Yi | 0-0: Foul Ball, location: 2F 0-1: Swinging Strike 0-2: Strikes out swinging | Batting: RHB Jaime Spiridon | 0-0: SINGLE (Groundball, 5D) Anacleto Morillo to second | Batting: RHB Raúl Bruno | 0-0: Called Strike 0-1: Called Strike 0-2: Ball 1-2: Ball 2-2: Ball 3-2: Foul Ball, location: 2F 3-2: Base on Balls Anacleto Morillo to third Jaime Spiridon to second | Pinch Hitting: RHB Gustavo Ortíz | 0-0: Called Strike 0-1: Ball 1-1: Called Strike 1-2: Foul Ball, location: 2F 1-2: Fly out, F8 (Line Drive, 8RD) Runner from 3rd tags up, OUT at HOME | Top of the 7th over - 0 runs, 2 hits, 0 errors, 2 left on base; San Francisco 2 - So Cal 6 | BOTTOM OF THE 7TH |
---|
So Cal Bruins batting - Pitching for San Francisco Bandits : RHP Alfonso Martínez | Now at 3B: Gustavo Ortíz | | Batting: RHB Earl Wiggins | 0-0: Fly out, F8 (Flyball, 8RXD) | Pinch Hitting: SHB Ken Hernández | 0-0: Ground out 4-3 (Groundball, 4M) | Batting: RHB Rubén Calderón | 0-0: Called Strike 0-1: Ball 1-1: Foul Ball, location: 2F 1-2: Ground out 6-3 (Groundball, 6) | Bottom of the 7th over - 0 runs, 0 hits, 0 errors, 0 left on base; San Francisco 2 - So Cal 6 | TOP OF THE 8TH |
---|
San Francisco Bandits batting - Pitching for So Cal Bruins : LHP Mitch Bennett | Pitching: RHP Jerry Good | | Now at SS: Ken Hernández | | Pinch Hitting: RHB Cory Foster | 0-0: Swinging Strike 0-1: Foul Ball, location: 2F 0-2: Strikes out swinging | Batting: RHB Owen Carter | 0-0: Ball 1-0: Called Strike 1-1: Ball 2-1: Foul Ball, location: 2F 2-2: Ball 3-2: Base on Balls | Pinch Hitting: LHB Mario García | 0-0: Called Strike 0-1: Swinging Strike 0-2: Ball 1-2: Ball 2-2: Strikes out swinging | Pinch Hitting: LHB Francisco Calderón | 0-0: Ball 1-0: Ball 2-0: SINGLE (Flyball, 8LS) Owen Carter to second | Pinch Hitting: LHB Alan McGilroy | 0-0: Ball 1-0: SINGLE (Line Drive, 8RS) Owen Carter to third Francisco Calderón to second Runner from 3rd tries for Home, SAFE, no throw | Batting: RHB Naomichi Aoki | 0-0: Fielders Choice at 2nd, 6-4 (Groundball, 6) | Top of the 8th over - 1 run, 2 hits, 0 errors, 2 left on base; San Francisco 3 - So Cal 6 | BOTTOM OF THE 8TH |
---|
So Cal Bruins batting - Pitching for San Francisco Bandits : RHP Alfonso Martínez | Now at 1B: Alan McGilroy | | Now in LF: Francisco Calderón | | Now in CF: Cory Foster | | Now in RF: Mario García | | Batting: LHB José Antonio Santiago | 0-0: Ball 1-0: Foul Ball, location: 2F 1-1: Foul Ball, location: 2F 1-2: Foul Ball, location: 2F 1-2: SINGLE (Groundball, 4) (infield hit) | Batting: LHB Jeff Carter | 0-0: Ball 1-0: Ball José Antonio Santiago steals 2nd base 2-0: Called Strike 2-1: Swinging Strike 2-2: Strikes out swinging | Batting: RHB Eugene Gill | 0-0: Ball 1-0: SINGLE (Groundball, 4M) (infield hit) José Antonio Santiago to third | Pinch Hitting: LHB Patrick Osborne | 0-0: Ball 1-0: Swinging Strike 1-1: Foul Ball, location: 2F 1-2: Ball 2-2: Foul Ball, location: 2F 2-2: Strikes out swinging | Batting: RHB Gerardo Escobedo | 0-0: Ball 1-0: Ball 2-0: Swinging Strike 2-1: Swinging Strike 2-2: Foul Ball, location: 2F 2-2: Strikes out swinging | Bottom of the 8th over - 0 runs, 2 hits, 0 errors, 2 left on base; San Francisco 3 - So Cal 6 | TOP OF THE 9TH |
---|
San Francisco Bandits batting - Pitching for So Cal Bruins : RHP Jerry Good | Pitching: RHP Masahiko Okada | | Now in RF: Ricardo Guzmán | | Pinch Hitting: RHB Chang-geun Kim | 0-0: Called Strike 0-1: Ball 1-1: Swinging Strike 1-2: Foul Ball, location: 2F 1-2: Strikes out looking | Pinch Hitting: LHB Mel Jones | 0-0: Fly out, F6 (Line Drive, 6) | Batting: RHB Gustavo Ortíz | 0-0: Swinging Strike 0-1: DOUBLE (Line Drive, 89XD) | Batting: RHB Cory Foster | 0-0: Ground out 6-3 (Groundball, 6) | Top of the 9th over - 0 runs, 1 hit, 0 errors, 1 left on base; San Francisco 3 - So Cal 6 | |